Map: Rhoskallian LE

Players

WarpigxxxL - Winner!

  • Race: Zerg Zerg
  • Spawn Location: 11:00

xBenx - Winner!

  • Race: Zerg Zerg
  • League: Gold
  • Spawn Location: 12:00

CAFG

  • Race: Zerg Zerg
  • Spawn Location: 6:00

BRUGGY

  • Race: Protoss Protoss
  • Spawn Location: 5:00

VOD

Have the link to the VOD?

Description

WarpigxxxL, xBenx vs CAFG, BRUGGY

Time

  • Played on: April 11, 2024, 5:49 p.m.
  • Length: 12:48
Show
View Real Time Build Order
Export as new Build Order

WarpigxxxL Zerg - Winner!

Build Orders: Hatch First, Swarm Host 

Get SALT Encoding   

  12  0:10  Overlord  
  12  0:13  Drone  
  13  0:18  Drone  
  14  0:29  Drone  
  14  0:35  Drone  
  16  0:44  Drone  
  17  1:00  Drone  
  17  1:03  Hatchery  
  17  1:07  Drone  
  18  1:20  Drone  
  18  1:22  Spawning Pool  
  18  1:28  Extractor  
  18  1:29  Drone  
  18  1:49  Drone  
  18  1:52  Drone  
  20  1:57  Hatchery  
  19  2:05  Drone  
  20  2:10  Queen  
  20  2:15  Drone x2  
  24  2:16  Extractor  
  24  2:22  Drone  
  24  2:28  Drone  
  25  2:32  Drone  
  26  2:41  Drone  
  27  2:45  Drone  
  27  2:50  Lair  
  28  2:57  Drone, Roach Warren  
  28  2:58  Overlord  
  28  3:03  Overlord  
  28  3:10  Drone x2  
  30  3:14  Overlord  
  31  3:27  Drone x5  
  31  3:30  Drone  
  36  3:45  Evolution Chamber  
  36  3:46  Evolution Chamber  
  36  3:47  Roach x2  
  36  3:48  Zergling x2  
  39  3:49  Zergling x2  
  39  3:54  Drone x2  
  42  4:01  Drone x3  
  45  4:12  Extractor, Drone x3  
  47  4:18  Drone  
  47  4:19  Drone x2, Extractor  
  47  4:23  Drone x2  
  51  4:28  Zerg Melee Weapons Level 1  
  51  4:29  Zerg Ground Armor Level 1  
  51  4:39  Infestation Pit  
  51  4:44  Drone x4, Spore Crawler  
  53  4:45  Drone  
  54  5:06  Drone x4  
  58  5:16  Hive  
  58  5:17  Extractor  
  57  5:33  Overlord x3, Spire  
  57  5:35  Drone x2  
  58  5:40  Hatchery  
  58  5:41  Drone  
  58  5:44  Overlord x2  
  58  5:55  Nydus Network  
  57  6:07  Drone x4  
  57  6:08  Drone x3  
  64  6:13  Nydus Network  
  64  6:17  Drone x3  
  64  6:18  Drone x2  
  68  6:38  Ultralisk Cavern  
  67  6:46  Nydus Canal  
  67  6:50  Nydus Canal  
  67  6:54  Overseer  
  67  7:01  Spine Crawler x2  
  66  7:04  Mutalisk x4  
  66  7:05  Mutalisk x3  
  66  7:07  Zergling x8  
  83  7:29  Nydus Canal  
  83  7:30  Nydus Canal  
  83  7:51  Nydus Canal  
  82  7:52  Nydus Canal  
  82  8:00  Ultralisk  
  82  8:01  Zergling x2, Ultralisk  
  82  8:02  Zergling x18  
  104  8:09  Nydus Canal  
  104  8:17  Overlord x7  
  104  8:18  Overlord x2  
  100  8:25  Nydus Canal  
  95  8:35  Nydus Canal  
  95  8:39  Ultralisk  
  95  8:40  Zergling x2  
  95  8:41  Zergling x18  
  109  8:54  Ultralisk  
  109  8:55  Zergling x2  
  115  8:56  Zergling x4  
  113  9:12  Ultralisk  
  113  9:13  Zergling x18  
  114  9:47  Mutalisk x3  
  114  9:48  Mutalisk  
  114  9:49  Zergling x10  
  114  9:50  Zergling x6  
  114  9:52  Nydus Canal  
  102  10:08  Mutalisk x2, Drone x2  
  106  10:33  Swarm Host  
  106  10:35  Ultralisk  
  115  10:36  Zergling x14  
  115  10:37  Zergling x4  
  122  10:49  Ultralisk  
  119  11:10  Swarm Host x3  
  121  11:12  Roach x3  
  121  11:14  Zergling x8  
  121  11:15  Zergling x4  
  98  11:44  Mutalisk x3  
  99  11:47  Zergling x2  
Show
View Real Time Build Order
Export as new Build Order

xBenx Zerg - Winner!

Build Orders: Hatch First, Swarm Host 

Get SALT Encoding   

  12  0:03  Drone  
  13  0:13  Overlord  
  13  0:25  Drone  
  14  0:29  Extractor, Drone  
  14  0:33  Drone  
  15  0:57  Hatchery  
  15  1:02  Drone  
  15  1:05  Drone  
  16  1:28  Drone x2  
  16  1:29  Drone  
  19  1:35  Spawning Pool  
  18  1:41  Drone  
  19  1:59  Drone  
  20  2:06  Extractor  
  20  2:20  Drone  
  20  2:21  Drone, Queen x2  
  26  2:23  Overlord  
  26  2:27  Overlord  
  26  2:33  Metabolic Boost  
  26  2:38  Drone  
  26  2:40  Drone  
  26  2:42  Zergling x2  
  29  2:53  Drone x2  
  31  3:05  Zergling x2  
  32  3:15  Drone x4  
  32  3:18  Lair  
  36  3:28  Queen  
  36  3:30  Drone x3  
  36  3:33  Spore Crawler  
  40  3:35  Spore Crawler  
  40  3:36  Drone x2  
  40  3:40  Baneling Nest  
  40  3:41  Drone  
  40  3:42  Extractor  
  39  4:00  Drone x2  
  41  4:06  Drone  
  42  4:12  Burrow  
  42  4:13  Drone  
  43  4:30  Nydus Network  
  43  4:31  Drone  
  43  4:33  Overlord x2  
  43  4:36  Overlord  
  43  4:45  Extractor  
  43  4:46  Extractor  
  43  4:47  Drone x3, Spore Crawler  
  43  4:51  Drone  
  44  4:55  Hatchery  
  43  5:04  Zergling x12  
  43  5:05  Zergling x8  
  53  5:10  Overseer  
  53  5:12  Overseer  
  53  5:24  Zergling x6  
  53  5:25  Zergling x4  
  58  5:58  Drone x3  
  58  5:59  Drone x2  
  58  6:00  Drone  
  64  6:06  Hatchery  
  64  6:08  Baneling x3  
  64  6:09  Baneling  
  64  6:10  Baneling x4  
  63  6:12  Baneling  
  63  6:13  Baneling x4  
  63  6:15  Queen  
  65  6:19  Infestation Pit  
  65  6:23  Drone x2  
  65  6:25  Evolution Chamber  
  65  6:29  Nydus Canal  
  65  6:33  Zergling x4  
  65  6:34  Zergling x8  
  71  6:41  Drone  
  71  6:42  Drone x2  
  71  6:44  Overlord x4  
  74  6:50  Drone x17  
  69  7:08  Nydus Canal  
  69  7:13  Spine Crawler  
  69  7:15  Spine Crawler  
  67  7:17  Spore Crawler  
  67  7:18  Spore Crawler  
  67  7:20  Baneling x3  
  67  7:21  Drone x3  
  68  7:23  Spore Crawler  
  68  7:24  Spine Crawler  
  68  7:27  Queen  
  68  7:28  Spine Crawler  
  67  7:30  Nydus Canal  
  67  7:37  Nydus Network  
  66  7:48  Nydus Canal  
  66  7:50  Swarm Host x3  
  75  7:57  Hydralisk Den  
  75  7:58  Drone x3  
  77  8:03  Nydus Canal  
  77  8:09  Overlord  
  76  8:14  Nydus Canal  
  75  8:32  Nydus Canal  
  70  8:35  Nydus Canal  
  66  8:54  Nydus Canal  
  64  8:58  Zergling x10  
  64  8:59  Zergling x12  
  75  9:06  Overlord  
  75  9:08  Zerg Ground Armor Level 1  
  75  9:09  Grooved Spines  
  73  9:10  Drone x2  
  73  9:12  Drone x3, Extractor  
  76  9:18  Overlord  
  76  9:20  Overlord  
  76  9:21  Overlord x3  
  76  9:23  Nydus Canal  
  76  9:25  Overlord  
  74  9:36  Nydus Canal  
  67  9:48  Spine Crawler  
  67  9:50  Spine Crawler  
  67  9:52  Drone x2, Spine Crawler  
  63  9:53  Drone x2  
  63  9:54  Extractor  
  63  9:58  Centrifugal Hooks  
  63  9:59  Zergling x2  
  65  10:00  Zergling x10  
  65  10:05  Drone x2  
  70  10:23  Swarm Host x4  
  82  10:34  Drone  
  82  10:38  Hatchery  
  82  10:40  Drone x2  
  83  10:45  Overseer  
  83  10:48  Baneling  
  83  10:49  Baneling x6  
  83  11:11  Nydus Canal  
  83  11:13  Nydus Canal  
  83  11:20  Zergling x2  
  83  11:21  Zergling x16  
  83  11:25  Overseer  
  92  11:29  Overlord x2  
  92  11:32  Nydus Canal  
  92  11:33  Nydus Canal  
  92  11:37  Overseer x2  
  92  11:54  Nydus Canal  
  83  12:08  Drone x4  
  83  12:14  Spine Crawler x2  
  81  12:15  Drone  
  81  12:16  Drone x4  
  81  12:18  Spine Crawler  
  85  12:26  Drone x3  
Show
View Real Time Build Order
Export as new Build Order

CAFG Zerg 

Build Orders: Hatch First, Swarm Host 

Get SALT Encoding   

  12  0:00  Drone  
  13  0:13  Overlord  
  13  0:19  Drone  
  14  0:36  Drone x3  
  17  0:47  Drone  
  18  1:03  Hatchery  
  17  1:10  Spawning Pool  
  16  1:12  Drone  
  17  1:19  Drone  
  17  1:20  Drone  
  19  1:32  Drone  
  20  1:46  Drone  
  21  1:53  Overlord  
  21  1:54  Hatchery  
  21  1:56  Extractor  
  19  2:02  Queen  
  22  2:11  Drone  
  22  2:14  Drone  
  24  2:20  Drone  
  24  2:21  Queen  
  27  2:28  Drone  
  27  2:29  Drone  
  29  2:36  Drone  
  30  2:39  Drone  
  30  2:41  Queen  
  33  2:47  Drone  
  33  2:48  Drone  
  35  3:00  Drone  
  35  3:01  Overlord  
  36  3:06  Drone x2  
  36  3:12  Spine Crawler  
  37  3:14  Spine Crawler  
  37  3:15  Drone  
  37  3:24  Spine Crawler x2  
  35  3:27  Drone  
  35  3:28  Drone x5  
  35  3:31  Drone x2  
  35  3:34  Extractor  
  42  3:35  Extractor  
  41  3:48  Drone x4  
  42  3:49  Overlord  
  42  3:50  Overlord  
  42  3:55  Drone x4  
  49  4:02  Drone  
  50  4:05  Overlord  
  50  4:07  Drone x2  
  52  4:22  Drone  
  52  4:23  Drone x6  
  59  4:34  Drone  
  59  4:35  Drone x4  
  64  4:40  Spine Crawler x2  
  62  4:50  Spore Crawler  
  61  4:54  Drone x7  
  68  5:01  Spine Crawler  
  68  5:03  Drone  
  68  5:04  Spore Crawler  
  68  5:06  Extractor x2  
  65  5:08  Spore Crawler  
  65  5:13  Spore Crawler  
  65  5:14  Drone x4  
  64  5:16  Spore Crawler  
  66  5:29  Spine Crawler  
  66  5:30  Extractor  
  66  5:31  Extractor, Drone  
  66  5:33  Drone  
  65  5:37  Drone x5  
  65  5:39  Drone  
  71  5:47  Drone  
  72  5:52  Spine Crawler  
  71  5:59  Pneumatized Carapace, Lair  
  71  6:00  Burrow  
  71  6:05  Evolution Chamber x2  
  71  6:09  Spore Crawler  
  68  6:13  Spine Crawler  
  67  6:20  Overlord x3  
  67  6:21  Overlord x3  
  67  6:47  Spine Crawler  
  66  7:30  Nydus Network x2  
  64  8:30  Infestation Pit  
  64  8:33  Spine Crawler  
  64  8:34  Spine Crawler  
  59  8:35  Spine Crawler  
  54  8:45  Spine Crawler  
  40  9:05  Spore Crawler  
  39  9:16  Spine Crawler  
  38  9:17  Spore Crawler, Spine Crawler  
  38  9:19  Spine Crawler x2  
  38  9:23  Swarm Host x5  
  38  9:24  Swarm Host x11  
  82  9:41  Infestor x2  
  82  9:43  Swarm Host x2  
  92  9:50  Spawning Pool  
  91  10:36  Nydus Canal  
  91  10:44  Spine Crawler x2  
  91  10:45  Spine Crawler  
  87  11:02  Lair  
  87  11:40  Spine Crawler x2  
  77  12:03  Zergling x2  
  77  12:04  Zergling x10  
Show
View Real Time Build Order
Export as new Build Order

BRUGGY Protoss 

Build Orders:  

Get SALT Encoding   

  12  0:03  Probe  
  13  0:15  Probe  
  13  0:20  Pylon  
  14  0:27  Probe  
  15  0:39  Forge  
  15  0:57  Gateway  
  15  1:00  Pylon  
  15  1:03  Probe (Chrono Boost)  
  16  1:13  Probe (Chrono Boost)  
  16  1:14  Assimilator  
  16  1:18  Probe (Chrono Boost)  
  17  1:19  Assimilator  
  18  1:29  Probe  
  19  1:45  Cybernetics Core  
  19  1:49  Probe  
  20  2:02  Probe  
  20  2:05  Photon Cannon  
  21  2:22  Shield Battery  
  21  2:23  Stalker  
  21  2:28  Probe (Chrono Boost)  
  24  2:40  Probe (Chrono Boost)  
  25  2:53  Nexus  
  25  2:59  Stalker  
  27  3:13  Twilight Council  
  27  3:21  Probe (Chrono Boost)  
  28  3:33  Probe (Chrono Boost)  
  29  3:37  Gateway  
  29  3:54  Stalker  
  31  4:05  Probe  
  31  4:06  Pylon  
  32  4:12  Dark Shrine  
  32  4:16  Robotics Facility  
  32  4:21  Probe (Chrono Boost)  
  32  4:23  Probe (Chrono Boost)  
  35  4:33  Probe (Chrono Boost)  
  35  4:36  Warp Gate (Chrono Boost)  
  35  4:47  Gateway, Charge (Chrono Boost)  
  35  4:49  Pylon  
  35  5:04  Zealot x2  
  39  5:15  Pylon  
  39  5:16  Probe  
  39  5:17  Probe  
  41  5:25  Warp Prism  
  43  5:37  Zealot x3  
  50  5:42  Probe  
  50  5:43  Probe  
  50  5:48  Shadow Stride  
  51  5:57  Probe x2  
  53  6:15  Forge  
  53  6:20  Forge  
  53  6:39  Dark Templar  
  55  6:40  Dark Templar x2  
  53  7:23  Probe x2  
  53  7:28  Gateway  
  55  7:30  Gateway  
  55  7:31  Gateway  
  55  7:33  Gateway  
  55  7:34  Pylon  
  55  7:36  Pylon  
  55  7:37  Pylon  
  55  7:38  Pylon  
  55  7:43  Protoss Shields Level 1 (Chrono Boost), Protoss Ground Armor Level 1 (Chrono Boost)  
  55  7:52  Protoss Ground Weapons Level 1 (Chrono Boost)  
  55  7:53  Zealot  
  55  7:54  Zealot  
  55  7:55  Zealot  
  61  8:20  Stalker x3  
  67  8:28  Stalker x4  
  72  9:02  Dark Templar x3  
  46  9:48  Dark Templar x2  
  49  10:51  Pylon  
  49  10:52  Pylon  
  49  10:53  Pylon  
  49  10:54  Pylon  
  49  10:55  Pylon x2  
  49  10:56  Pylon  
  49  10:59  Assimilator, Pylon  
  49  11:04  Assimilator  
  22  12:19  Pylon  
  22  12:21  Pylon  
  22  12:22  Pylon  
  20  12:23  Pylon  
  20  12:25  Pylon  
  20  12:26  Pylon  
Tags
 
Add a new tag
Caveats
  • Supply blocks, unpowered buildings, or Contaminate may cause inaccurate times.
  • Supply counts are checked every 10 seconds.